 Dungeon Crawl Stone Soup version 0.29-a0-384-g6960b1960d (webtiles) character file.

Game seed: 2007125485315781271

194 avis the Skirmisher (level 5, -2/55 HPs)
             Began as an Ogre Warper on May 7, 2022.
             Killed from afar by Ijyb (24 damage)
             ... with a bolt of acid
             ... on level 4 of the Dungeon.
             The game lasted 00:15:30 (4845 turns).

avis the Skirmisher (Ogre Warper)                   Turns: 4845, Time: 00:15:31

Health: -2/55      AC:  3    Str: 15    XL:     5   Next: 73%
Magic:  9/9        EV:  9    Int: 16    God:
Gold:   129        SH:  0    Dex:  8    Spells: 5/10 levels left

rFire   . . .      SeeInvis .   a - +0 flail
rCold   . . .      Faith    .   (no shield)
rNeg    . . .      Spirit   .   b - +0 robe
rPois   .          Reflect  .   (helmet restricted)
rElec   .          Harm     .   (no cloak)
rCorr   .          Rampage  .   (gloves unavailable)
Will    .....                   (boots unavailable)
Stlth   +.........              (no amulet)
HPRegen 0.18/turn               (no ring)
MPRegen 0.11/turn               (no ring)

@: no status effects
A: large, unfitting armour, tough skin 1
a: no special abilities


You were on level 4 of the Dungeon.
You visited 1 branch of the dungeon, and saw 4 of its levels.

You collected 129 gold pieces.

Inventory:

Hand Weapons
 a - a +0 flail (weapon)
 s - a +0 halberd
Missiles
 d - 7 boomerangs of dispersal (quivered)
 k - 104 stones
 t - 5 poisoned darts
Armour
 b - a +0 robe (worn)
Wands
 p - a wand of digging (6)
Scrolls
 c - 2 scrolls of blinking
 e - 3 scrolls of identify {unknown}
 f - 2 scrolls of teleportation {unknown}
 j - a scroll of immolation {unknown}
 l - a scroll of noise {unknown}
 q - a scroll of acquirement {unknown}
 r - a scroll of fear {unknown}
Potions
 g - a potion of experience {unknown}
 h - 2 potions of heal wounds {unknown}
 i - 2 potions of might {unknown}
 m - a potion of brilliance {unknown}
 n - a potion of degeneration {unknown}
 o - a potion of magic {unknown}


   Skills:
 + Level 4.5 Fighting
 * Level 4.1 Maces & Flails
 - Level 1.0 Throwing
 + Level 2.1 Dodging
 - Level 3.0 Spellcasting
 - Level 3.0 Translocations


You had 5 spell levels left.
You knew the following spells:

 Your Spells              Type           Power      Damage    Failure   Level
b - Blink                 Tloc           24%        N/A       9%          2
t - Teleport Other        Tloc           12%        N/A       16%         3

Your spell library contained the following spells:

 Spells                   Type           Power      Damage    Failure   Level
 Apportation              Tloc           24%        N/A       5%          1
 Gell's Gravitas          Tloc           12%        N/A       16%         3
 Lesser Beckoning         Tloc           12%        N/A       16%         3
 Animate Skeleton         Necr           4%         N/A       19%         1
 Pain                     Necr           8%         1d4       19%         1
 Inner Flame              Hex/Fire       2%         N/A       50%         3
 Vampiric Draining        Necr           2%         2d6       50%         3
 Manifold Assault         Tloc           12%        N/A       83%         5
 Cause Fear               Hex            1%         N/A       88%         4
 Alistair's Intoxication  Tmut/Pois      1%         N/A       99%         5
 Discord                  Hex            1%         N/A       100%        8


Dungeon Overview and Level Annotations

Branches:
Dungeon (4/15)
 Temple: D:4-7

Altars:

Shops:
D:4 *

Annotations:
D:2 deep water unexplored
D:4 Ijyb


Innate Abilities, Weirdness & Mutations

You are too large for most types of armour.
You have tough skin. (AC +1)


Message History

There is a stone staircase leading down here.
You start resting.
Magic restored.
You start resting.
HP restored.
You climb downwards.
The gnoll hits you from afar with a +0 halberd.
There is a stone staircase leading up here.
The gnoll hits you with a +0 halberd!
You barely miss the gnoll. The gnoll hits you with a +0 halberd!
You thump the gnoll!
The gnoll is severely wounded.
The gnoll barely misses you.
You hit the gnoll.
The gnoll is almost dead.
The gnoll closely misses you.
You barely miss the gnoll.
The gnoll is almost dead.
The gnoll closely misses you. The gnoll hits you with a +0 halberd!
You hit the gnoll.
You kill the gnoll!
Things that are here:
a +0 halberd; a gnoll corpse
There is a stone staircase leading up here.
You start resting.
HP restored.
Things that are here:
a +0 ring mail; a +0 whip
Things that are here:
a +0 leather armour; a +0 hand axe
There is an escape hatch in the floor here.
You slide downwards.
The hatch slams shut behind you.
Ijyb the Twisted Goblin comes into view.
She is wielding a +0 dagger and carrying a wand of acid (4).
Ijyb shouts!
Ijyb moves out of view.
Ijyb zaps a wand.
The bolt of acid hits you!!
Ouch! That really hurt!
Ijyb hits you with a +0 dagger.
You completely miss Ijyb.
Ijyb zaps a wand.
The bolt of acid hits you!!
You die...

#..W..# #. #.<.# ##. ###
#...# #... ..# #...#
#########... #.# #...#
##......##.#..#.# #....
#.....#.##....#.######...##
#....∩#.##....g......g....
#.....#.###.#..@........$.
#.....#)# #.##..........
#.....#.# # #######....
##.....<# ..# ........##
#.####..# #. ..... #
.###.#. .. #.#.#


You could see Ijyb and a gnoll.

Vanquished Creatures
  An orc wizard (D:2)
  5 adders
  4 gnolls
  3 worms
  2 dart slugs (D:3)
  5 orcs
  4 endoplasms
  2 giant cockroaches (D:3)
  8 goblins
  10 hobgoblins
  5 jackals
  6 kobolds
  A quokka (D:2)
  A ball python (D:1)
  A bat (D:1)
  3 frilled lizards
  6 rats (D:1)
67 creatures vanquished.

Vanquished Creatures (others)
  A plant (D:1)
1 creature vanquished.

Grand Total: 68 creatures vanquished

Notes
Turn   | Place    | Note
-------+----------+-------------------------------------------
     0 | D:1      | avis the Ogre Warper began the quest for the Orb.
     0 | D:1      | Reached XP level 1. HP: 22/22 MP: 3/3
   211 | D:1      | Reached XP level 2. HP: 31/31 MP: 5/5
   711 | D:1      | Found a faded altar of an unknown god.
   837 | D:1      | Learned a level 2 spell: Blink
  1027 | D:1      | Reached XP level 3. HP: 26/37 MP: 6/6
  1387 | D:1      | Learned a level 3 spell: Teleport Other
  1542 | D:2      | Reached XP level 4. HP: 27/48 MP: 7/7
  2866 | D:2      | Reached XP level 5. HP: 6/54 MP: 7/9
  4410 | D:4      | Found Okkimod's Assorted Antiques.
  4527 | D:4      | Noticed a phantom
  4840 | D:4      | Noticed Ijyb
  4845 | D:4      | Killed from afar by Ijyb

Illustrated notes

Levels and vault maps discovered:
D:1:      saegor_arrival_simple_a, layout_basic,
          dilly_ecumenical_altar_fadedgnrine, hex_large
D:2:      layout_basic, chequers_serial_rivers_large_a,
          kennysheep_generic_room_14
D:3:      minmay_inner_zag, layout_loops_cross, nicolae_tso_besieged_by_evil
D:4:      layout_loops_cross, serial_shops, shop, shop_fountains,
          nicolae_take_the_stairs, uniq_ijyb, uniq_edmund,
          uniq_crazy_yiuf_cottage

Skill      XL: |  1  2  3  4  5 |
---------------+----------------+-----
Maces & Flails | 2 3 4 |  4.1
Fighting       | 3 4 |  4.5
Translocations | 3 |  3.0
Spellcasting   | 3 |  3.0
Throwing       | |  1.0
Dodging        | |  2.1

Action                   |  1- 3 |  4- 6 || total
-------------------------+-------+-------++-------
Melee: Mace              |   105 |    69 ||   174
       Punch             |     1 |       ||     1
       Flail             |       |    85 ||    85
 Cast: Blink             |       |     2 ||     2
Armor: Robe              |    30 |    32 ||    62
Dodge: Dodged            |    44 |    73 ||   117

Table legend: (Time is in decaauts)
 A = Elapsed time spent in this place.
 B = Non-inter-level travel time spent in this place.
 C = Inter-level travel time spent in this place.
 D = Time resting spent in this place.
 E = Time spent auto-exploring this place.
 F = Levels seen in this place.
 G = Mean time per level.
                   A        B        C        D        E       F      G
               +--------+--------+--------+--------+--------+-----+--------+
         Total |   4928 |   4601 |    327 |   2368 |   1362 |   4 | 1232.0 |
       Dungeon |   4928 |   4601 |    327 |   2368 |   1362 |   4 | 1232.0 |
               +--------+--------+--------+--------+--------+-----+--------+

Top non-repeatable levels by time:
     D:2: 1913 daAuts
     D:1: 1663 daAuts
     D:3: 1321 daAuts
     D:4: 30 daAuts
